 Dungeon Crawl Stone Soup version 0.31-a0-175-g9f7f995f2b (webtiles) character file.

Game seed: 2237890147752163893

135 qw the Shooter (level 5, -4/32 HPs)
             Began as a Gargoyle Hunter on June 17, 2023.
             Slain by a gnoll
             ... wielding a +0 spear
              (6 damage)
             ... on level 3 of the Dungeon.
             The game lasted 00:00:56 (2118 turns).

qw the Shooter (Gargoyle Hunter)                    Turns: 2118, Time: 00:00:56

Health: -4/32      AC: 11    Str: 14    XL:     5   Next: 18%
Magic:  5/5        EV: 10    Int: 10    God:
Gold:   90         SH:  0    Dex: 15    Spells: 4/4 levels left

rFire   . . .        Y - +1 shortbow
rCold   . . .        (shield currently unavailable)
rNeg    + . .        e - +0 ring mail
rPois   inf          a - +1 helmet
rElec   +            (no cloak)
rCorr   .            (no gloves)
SInv    .            (no boots)
Will    .....        (no amulet)
Stlth   +            (no ring)
HPRegen 0.25/turn    (no ring)
MPRegen 0.09/turn

%: no passive effects
@: no status effects
A: sickness immunity, AC +4, negative energy resistance 1, electricity
resistance, torment resistance 1, petrification resistance
a: no special abilities


You were on level 3 of the Dungeon.
You visited 1 branch of the dungeon, and saw 3 of its levels.

You collected 90 gold pieces.


Innate Abilities, Weirdness & Mutations

You are immune to sickness and miasma.
Your stone body is resilient. (AC +4)
You are immune to poison.
You resist negative energy. (rN+)
You are resistant to electric shocks. (rElec)
You are resistant to unholy torment.
You are immune to petrification.


   Skills:
 - Level 3.0 Fighting
 + Level 5.8 Ranged Weapons
 - Level 1.2 Armour
 - Level 1.5 Dodging
 - Level 1.1 Stealth


You had 4 spell levels left.
You didn't know any spells.
Your spell library was empty.

Inventory:

Hand Weapons
 Y - a +1 shortbow (weapon)
Armour
 a - a +1 helmet (worn)
 e - a +0 ring mail (worn)
Potions
 b - a potion of brilliance {unknown}
 c - a potion of curing {unknown}
 d - a potion of lignification {unknown}
 f - a potion of degeneration {unknown}
 g - a potion of mutation {unknown}
 h - a potion of attraction {unknown}
 j - a potion of ambrosia {unknown}

Dungeon Overview and Level Annotations

Branches:
Dungeon (3/15)

Altars:

Annotations:
D:3 2 runed translucent doors


Message History

Enter note:
Enter note:
Enter note:
Enter note:
Enter note:
Enter note:
Enter note:
Enter note:
Enter note:
Enter note:
2101 ||| FLEEEEING.
2102 ||| FLEEEEING.
2103 ||| FLEEEEING.
You shoot an arrow. The arrow barely misses the kobold.
You shoot an arrow. The arrow hits the kobold!
You kill the kobold!
You start resting.
A gnoll comes into view. It is wielding a +0 club.
You shoot an arrow. The arrow barely misses the gnoll.
You shoot an arrow. The arrow hits the gnoll.
The gnoll is lightly wounded.
You shoot an arrow.
The arrow hits the gnoll but does no damage.
The gnoll is lightly wounded.
You shoot an arrow. The arrow hits the gnoll!
The gnoll is severely wounded.
A gnoll opens the door.
You shoot an arrow. The arrow barely misses the gnoll.
The hobgoblin shouts!
The gnoll hits you but does no damage.
The hobgoblin wields a +0 sling.
The hobgoblin shoots a sling bullet.
The sling bullet hits you.
You shoot an arrow. The arrow closely misses the gnoll.
The gnoll barely misses you. The gnoll closely misses you.
The hobgoblin shoots a sling bullet.
The sling bullet hits you.
You shoot an arrow. The arrow hits the gnoll.
You kill the gnoll!
The gnoll misses you.
The hobgoblin shoots a sling bullet.
The sling bullet hits you.
The gnoll hits you from afar with a +0 spear.
You die...

~~~~~~..~~.....~~.~~.~.~~~~~~~~..
~~~~~~~~~~....~~~~~~~~~~~~~~~~~~~
~~~~~~~~~......~~~~~~~~~~~~~~~~~~
~~~~~~~~~~..)..~~~~~~~~~~~~~~~~~~
###########')####################
#.)..# .. #.)).# ...
.#########....#########....
....gg..#......#@)........#
...g)...'g.....'...)......#
....))..#.....g#..........#
.#########....#########....
#....# ... #....# ######


You could see a gnoll and a hobgoblin.

Vanquished Creatures
  Natasha (twice) (D:3)
  A gnoll (D:3)
  2 adders
  2 orcs (D:3)
  6 endoplasms
  5 giant cockroaches
  13 goblins
  7 hobgoblins
  6 kobolds
  2 quokkas
  2 ball pythons
  10 bats
  A frilled lizard (D:3)
  5 rats
64 creatures vanquished.

Notes
Turn   | Place    | Note
-------+----------+-------------------------------------------
     0 | D:1      | qw the Gargoyle Hunter began the quest for the Orb.
     0 | D:1      | Reached XP level 1. HP: 12/12 MP: 1/1
     0 | D:1      | 0 ||| qw: Version: 0.3-a-2-g5ab2908
     0 | D:1      | 0 ||| qw: Game counter: 270
     0 | D:1      | 0 ||| qw: Always use a shield: true
     0 | D:1      | 0 ||| qw: God list: Okawaru
     0 | D:1      | 0 ||| qw: Allow faded altars: false
     0 | D:1      | 0 ||| qw: Do Orc after D:15 true
     0 | D:1      | 0 ||| qw: Do second Lair branch before Depths: true
     0 | D:1      | 0 ||| qw: Lair rune preference: random
     0 | D:1      | 0 ||| qw: Plans: Normal, Zot:1-4, Slime:5, God:TSO, Crypt,
                  | Tomb, Abyss, Pan, Hells, Win
     0 | D:1      | 0 ||| PLANNING D:1-11
   118 | D:1      | Reached XP level 2. HP: 17/17 MP: 2/2
   521 | D:1      | Reached XP level 3. HP: 21/21 MP: 3/3
   665 | D:1      | Reached skill level 5 in Ranged Weapons
   676 | D:1      | 676 ||| UPGRADING to +0 ring mail.
   686 | D:1      | 686 ||| DROPPING +0 leather armour.
   687 | D:1      | 687 ||| READING scroll labelled OTSUS RUEGIG.
   688 | D:1      | 688 ||| READING scroll labelled ITOMNA SEYBRUSUC.
   689 | D:1      | 689 ||| READING scroll labelled JIENUS DA JUTIEGI.
   694 | D:1      | 694 ||| DROPPING scroll of butterflies.
   920 | D:2      | Found a faded altar of an unknown god.
   962 | D:2      | Reached skill level 1 in Armour
  1411 | D:2      | 1411 ||| UPGRADING to +1 helmet.
  1416 | D:2      | 1416 ||| READING scroll labelled ZITASI SORE.
  1517 | D:2      | 1517 ||| READING scroll labelled CAFI FOQECE.
  1518 | D:2      | 1518 ||| READING scroll labelled LIYNOA SIACH.
  1519 | D:2      | 1519 ||| READING scroll labelled BANEDEHAEC.
  1520 | D:2      | 1520 ||| READING scroll labelled UWOLUTWAIC.
  1638 | D:3      | Reached XP level 4. HP: 23/27 MP: 4/4
  1679 | D:3      | Reached skill level 3 in Fighting
  1793 | D:3      | Found a large runed translucent door.
  1793 | D:3      | Found a large runed translucent door.
  1869 | D:3      | 1869 ||| FLEEEEING.
  1870 | D:3      | 1870 ||| FLEEEEING.
  1871 | D:3      | 1871 ||| FLEEEEING.
  1881 | D:3      | 1881 ||| FLEEEEING.
  1882 | D:3      | 1882 ||| FLEEEEING.
  1883 | D:3      | 1883 ||| STAIRDANCE
  1929 | D:3      | Noticed Natasha
  1939 | D:3      | Killed Natasha
  1991 | D:3      | Noticed Natasha
  1994 | D:3      | Killed Natasha
  1995 | D:3      | Reached XP level 5. HP: 32/32 MP: 5/5
  2096 | D:3      | HP: 8/32 [hobgoblin (4)]
  2097 | D:3      | 2097 ||| READING scroll of teleportation.
  2101 | D:3      | 2101 ||| FLEEEEING.
  2102 | D:3      | 2102 ||| FLEEEEING.
  2103 | D:3      | 2103 ||| FLEEEEING.
  2116 | D:3      | HP: 7/32 [hobgoblin/sling bullet (4)]
  2117 | D:3      | HP: 2/32 [hobgoblin/sling bullet (5)]
  2118 | D:3      | Slain by a gnoll

Levels and vault maps discovered:
D:1:      dpeg_arrival_boxes_within_box, layout_basic
D:2:      layout_basic, shapermc_ecumenical_altar_hornbeckon,
          chequers_serial_rivers_micro_e
D:3:      minmay_goblin_kobold_castle, layout_loops_cross,
          jmf_multi_god_temple2, serial_shops, shop, serial_bayou_lake_a,
          uniq_natasha

Skill      XL: |  1  2  3  4 |
---------------+-------------+-----
Ranged Weapons | 5 |  5.8
Armour         | 1 |  1.2
Fighting       | 3 |  3.0
Dodging        | |  1.5
Stealth        | |  1.1

Action                     |  1- 3 |  4- 6 || total
---------------------------+-------+-------++-------
   Fire: Shortbow          |   129 |    79 ||   208
    Use: Scroll            |     8 |     1 ||     9
 Armour: Leather armour    |    18 |       ||    18
         Ring mail         |    11 |    43 ||    54
  Dodge: Dodged            |    35 |    33 ||    68

Table legend:
 A = Non-vault XP
 B = Vault XP
 C = Vault XP percentage of total XP
 D = Non-vault monster count
 E = Vault monster count
 F = Vault count percentage of total count
                 A         B        C        D         E       F
            +---------+---------+-------+---------+---------+-------
      Total |     135 |      74 |  35.4 |      49 |      15 |  23.4
            +---------+---------+-------+---------+---------+-------
        D:1 |      40 |       0 |   0.0 |      25 |       0 |   0.0
        D:2 |      27 |       0 |   0.0 |      10 |       0 |   0.0
        D:3 |      68 |      74 |  52.1 |      14 |      15 |  51.7
            +---------+---------+-------+---------+---------+-------
